 Dungeon Crawl Stone Soup version 0.26-a0-599-gc8f6553d2c (webtiles) character file.

Game seed: 2843295605226744938

1151752 tardigrada the Petrodigitator (level 27, -15/216 HPs)
             Began as an Octopode Fighter on Aug 28, 2020.
             Was an Initiate of Gozag.
             Killed from afar by Lom Lobon (43 damage)
             ... with a great icy blast
             ... in Pandemonium on Aug 29, 2020.
             The game lasted 04:12:19 (103121 turns).

tardigrada the Petrodigitator (Octopode Fighter)  Turns: 103121, Time: 04:12:19

Health: -15/216    AC: 13    Str: 23    XL:     27
Magic:  39/48      EV: 33    Int: 33    God:    Gozag
Gold:   24998      SH: 33    Dex: 25    Spells: 15/68 levels left

rFire    + + +     SeeInvis +   G - +9 double sword (venom)
rCold    + . .     Faith    .   b - +7 tower shield of Purpose {Rampage Str+2 Int+4 Dex+3}
rNeg     + + +     Spirit   .   k - +2 hat {Int+3}
rPois    +         Reflect  .   r - amulet of Curiosity {RegenMP rC+ rN+ Slay+2}
rElec    +         Harm     .   Y - ring "Zoroyco" {Wiz *Slow rC+ Dex+3 Slay+3}
rCorr    +                      l - +4 ring of slaying
MR       +++..                  a - +4 ring of slaying
Stlth    +++.......             W - ring "Joxivax" {Wiz +Blink MP-9 Int+4 Dex+6}
HPRegen  0.46/turn              Z - ring of Pealyxtobo {rElec MP+9 Int+6 SInv Stlth-}
MPRegen  0.56/turn              H - ring of Lady Luck {Fire *Slow rN+ MR+ Str+4}
                                L - ring "Tofi" {rF+ SInv}
                                U - ring of Firoic {rF+ rC- rN+ AC+4}

@: resistant, frozen, gold aura, bribing [Pandemonium], very slow
A: almost no armour, stealthy swim, amphibious, 8 rings, constrict 8, antennae
1, iridescent scales 3, camouflage 2, dopey 1, weak 1, gelatinous body 1
}: 11/15 runes: decaying, slimy, silver, iron, obsidian, icy, bone, abyssal,
demonic, fiery, gossamer
a: Potion Petition, Call Merchant, Bribe Branch, Renounce Religion, Evoke Blink


You were in Pandemonium.
You worshipped Gozag.
Gozag was extremely pleased with you.
You visited 17 branches of the dungeon, and saw 84 of its levels.
You visited Pandemonium 1 time, and saw 11 of its levels.
You visited the Abyss 3 times.
You visited 2 bazaars.
You also visited: Ossuary and Ice Cave.

You collected 48570 gold pieces.
You spent 10963 gold pieces at shops.
You paid 12609 gold pieces to Gozag.

Inventory:

Hand Weapons
 D - the +6 sword of Cerebov {flame}
   (You took it off Cerebov in Pandemonium)

   It has been specially enchanted to burn those struck by it, causing extra
   injury to most foes and up to half again as much damage against particularly
   susceptible opponents.
   Big, fiery blades are also staple armaments of hydra-hunters.
 G - a +9 double sword of venom (weapon)
Missiles
 j - 57 boomerangs (quivered)
 p - 37 javelins
 s - 32 silver javelins
Armour
 b - the +7 tower shield of Purpose (worn) {Rampage Str+2 Int+4 Dex+3}
   (You found it on level 15 of the Dungeon)

   It affects your strength (+2).
   It affects your intelligence (+4).
   It affects your dexterity (+3).
   It bestows one free step when moving towards enemies.
 k - a +2 hat of intelligence (worn)
Jewellery
 a - a +4 ring of slaying (on tentacle)
 l - a +4 ring of slaying (right tentacle)
 m - the ring of Viramy {rElec rC+ Int+4 SInv}
   (You acquired it on level 4 of the Realm of Zot)

   [ring of intelligence]

   It affects your intelligence (+4).
   It protects you from cold.
   It insulates you from electricity.
   It lets you see invisible.
 r - the amulet of Curiosity (around mantle) {RegenMP rC+ rN+ Slay+2}
   (You took it off a wight on level 7 of Tartarus)

   [amulet of magic regeneration]

   It increases your magic regeneration.
   It affects your accuracy and damage with ranged weapons and melee attacks
   (+2).
   It protects you from cold.
   It protects you from negative energy.
 E - the ring "Amaoloro" {MR+ rCorr Int+2}
   (You found it in Pandemonium)

   [ring of resist corrosion]

   It affects your intelligence (+2).
   It affects your resistance to hostile enchantments.
   It provides partial protection from all sources of acid and corrosion.
 H - the ring of Lady Luck (on tentacle) {Fire *Slow rN+ MR+ Str+4}
   (You found it on level 7 of the Iron City of Dis)

   [ring of fire]

   It enhances your fire magic.
   It affects your strength (+4).
   It protects you from fire.
   It makes you vulnerable to cold.
   It protects you from negative energy.
   It affects your resistance to hostile enchantments.
   It may slow you when you take damage.
 I - an uncursed amulet of regeneration
 L - the ring "Tofi" (on tentacle) {rF+ SInv}
   (You bought it in a shop on level 1 of the Depths)

   [ring of see invisible]

   It protects you from fire.
   It lets you see invisible.
 U - the ring of Firoic (on tentacle) {rF+ rC- rN+ AC+4}
   (You acquired it on level 12 of the Dungeon)

   [ring of protection]

   It affects your AC (+4).
   It protects you from fire.
   It makes you vulnerable to cold.
   It protects you from negative energy.
 W - the ring "Joxivax" (on tentacle) {Wiz +Blink MP-9 Int+4 Dex+6}
   (You found it on level 3 of the Crypt)

   [ring of wizardry]

   It improves your spell success rate.
   It affects your intelligence (+4).
   It affects your dexterity (+6).
   It affects your magic capacity (-9).
   It lets you blink.
 X - a +6 ring of intelligence
 Y - the ring "Zoroyco" (left tentacle) {Wiz *Slow rC+ Dex+3 Slay+3}
   (You found it on level 1 of the Depths)

   [ring of wizardry]

   It improves your spell success rate.
   It affects your dexterity (+3).
   It affects your accuracy and damage with ranged weapons and melee attacks
   (+3).
   It protects you from cold.
   It may slow you when you take damage.
 Z - the ring of Pealyxtobo (on tentacle) {rElec MP+9 Int+6 SInv Stlth-}
   (You took it off a draconian scorcher on level 4 of the Realm of Zot)

   [ring of magical power]

   It affects your intelligence (+6).
   It insulates you from electricity.
   It affects your magic capacity (+9).
   It lets you see invisible.
   It makes you less stealthy.
Wands
 n - a wand of acid (63)
 y - a wand of paralysis (8)
 A - a wand of flame (51)
 O - a wand of iceblast (89)
 S - a wand of digging (37)
Scrolls
 f - 40 scrolls of remove curse
 q - 16 scrolls of teleportation
 u - 5 scrolls of silence
 v - a scroll of summoning
 w - 5 scrolls of amnesia
 F - 8 scrolls of fog
 K - a scroll of holy word
 N - 3 scrolls of fear
 P - 8 scrolls of magic mapping
 T - 2 scrolls of blinking
 V - 31 scrolls of identify
Potions
 c - 2 potions of might
 e - 4 potions of mutation
 g - 32 potions of curing
 h - a potion of ambrosia
 i - 11 potions of heal wounds
 o - 10 potions of stabbing
 t - 15 potions of lignification
 x - 7 potions of invisibility
 z - 11 potions of berserk rage
 B - 4 potions of resistance
 C - 10 potions of cancellation
 J - a potion of brilliance


   Skills:
 + Level 24.8 Fighting
 - Level 23.7 Long Blades
   Level 1.1 Staves
 - Level 5.2 Throwing
 - Level 19.4 Dodging
 - Level 25.0 Shields
 - Level 21.3 Spellcasting
 - Level 2.0 Conjurations
 - Level 18.6 Hexes
 - Level 7.0 Summonings
 - Level 5.4 Necromancy
 - Level 2.0 Translocations
 - Level 10.2 Transmutations
 - Level 2.0 Air Magic
 O Level 27 Earth Magic
 - Level 6.5 Poison Magic


You had 15 spell levels left.
You knew the following spells:

 Your Spells              Type           Power        Failure   Level
a - Mephitic Cloud        Conj/Pois/Air  ######..     1%          3
b - Blink                 Tloc           N/A          1%          2
c - Statue Form           Tmut/Erth      ########.    1%          6
d - Invisibility          Hex            ########     1%          6
e - Apportation           Tloc           #####.       1%          1
f - Eringya's Noxious Bo  Tmut/Pois      ######....   1%          6
g - Swiftness             Air            #####...     1%          2
h - Summon Mana Viper     Hex/Summ       #######.     1%          5
i - Borgnjor's Vile Clut  Necr/Erth      #######...   1%          5
j - Shatter               Erth           ########..   1%          9
k - Discord               Hex            ########..   1%          8

Your spell library contained the following spells:

 Spells                   Type           Power        Failure   Level
 Beastly Appendage        Tmut           ######       0%          1
 Corona                   Hex            #######      0%          1
 Sandblast                Erth           ######       0%          1
 Passwall                 Tmut/Erth      ########     0%          2
 Slow                     Hex            ########     0%          2
 Wereblood                Tmut           #######.     0%          2
 Confusing Touch          Hex            ########     0%          3
 Stone Arrow              Conj/Erth      ######       0%          3
 Summon Guardian Golem    Hex/Summ       #######.     0%          3
 Tukima's Dance           Hex            ########     0%          3
 Cause Fear               Hex            ########..   0%          4
 Leda's Liquefaction      Hex/Erth       ########..   0%          4
 Petrify                  Tmut/Erth      ########     0%          4
 Lee's Rapid Deconstruct  Erth           ########..   0%          5
 Animate Skeleton         Necr           ######       1%          1
 Foxfire                  Conj/Fire      ####         1%          1
 Freeze                   Ice            ####         1%          1
 Magic Dart               Conj           ####         1%          1
 Pain                     Necr           ####         1%          1
 Shock                    Conj/Air       ####         1%          1
 Sting                    Tmut/Pois      ####         1%          1
 Summon Small Mammal      Summ           ####         1%          1
 Call Imp                 Summ           ######..     1%          2
 Corpse Rot               Necr/Air       N/A          1%          2
 Ensorcelled Hibernation  Hex/Ice        ######       1%          2
 Poisonous Vapours        Pois/Air       ######       1%          2
 Sublimation of Blood     Necr           ######....   1%          2
 Call Canine Familiar     Summ           ######..     1%          3
 Conjure Flame            Conj/Fire      ######..     1%          3
 Dazzling Flash           Conj/Hex       ######       1%          3
 Frozen Ramparts          Ice            #####.       1%          3
 Gell's Gravitas          Tloc           #####.....   1%          3
 Ignite Poison            Fire/Tmut/Pois #######.     1%          3
 Inner Flame              Hex/Fire       #######.     1%          3
 Lesser Beckoning         Tloc           #####.....   1%          3
 Ozocubu's Armour         Ice            #####...     1%          3
 Portal Projectile        Hex/Tloc       ######       1%          3
 Spider Form              Tmut/Pois      ######....   1%          3
 Static Discharge         Conj/Air       #####...     1%          3
 Vampiric Draining        Necr           ######....   1%          3
 Airstrike                Air            #####.....   1%          4
 Animate Dead             Necr           ######....   1%          4
 Dispel Undead            Necr           ######..     1%          4
 Ice Form                 Ice/Tmut       ######..     1%          4
 Summon Ice Beast         Ice/Summ       ######..     1%          4
 Summon Lightning Spire   Summ/Air       ######..     1%          4
 Agony                    Necr           ######..     1%          5
 Alistair's Intoxication  Tmut/Pois      ######...    1%          5
 Blade Hands              Tmut           #######...   1%          5
 Bolt of Magma            Conj/Fire/Erth #######...   1%          5
 Irradiate                Conj/Tmut      ######....   1%          5
 Metabolic Englaciation   Hex/Ice        #######...   1%          5
 Silence                  Hex/Air        #######...   1%          5
 Summon Demon             Summ           ######....   1%          5
 Summon Forest            Summ/Tloc      ######....   1%          5
 Yara's Violent Unravell  Hex/Tmut       #######...   1%          5
 Hydra Form               Tmut           #######...   1%          6
 Iron Shot                Conj/Erth      #######...   1%          6
 Hailstorm                Conj/Ice       #####...     2%          4
 Sticky Flame             Conj/Fire      ######..     2%          4
 Shadow Creatures         Summ           N/A          3%          6
 Iskenderun's Battlesphe  Conj           #####...     4%          5
 Lightning Bolt           Conj/Air       #####.....   4%          5
 Dragon Form              Tmut           #######...   4%          7
 Fireball                 Conj/Fire      ######....   6%          5
 Death Channel            Necr           ######....   6%          6
 Monstrous Menagerie      Summ           ######....   16%         7
 Summon Greater Demon     Summ           ######....   16%         7
 Summon Hydra             Summ           ######....   16%         7
 Simulacrum               Ice/Necr       ######....   17%         6
 Conjure Ball Lightning   Conj/Air       #####.....   24%         6
 Dispersal                Tloc           #####.....   24%         6
 Freezing Cloud           Conj/Ice/Air   #####.....   30%         6
 Starburst                Conj/Fire      ######....   32%         6
 Malign Gateway           Summ/Tloc      ######....   41%         7
 Spellforged Servitor     Conj/Summ      ######....   41%         7
 Ozocubu's Refrigeration  Ice            #####.....   45%         6
 Orb of Destruction       Conj           #####.....   75%         7
 Summon Horrible Things   Summ           ######....   75%         8
 Disjunction              Tloc           #####.....   100%        8
 Ignition                 Fire           ######....   100%        8
 Death's Door             Necr           ######....   100%        9
 Tornado                  Air            #####.....   100%        9


Dungeon Overview and Level Annotations

Branches:
Dungeon (15/15)            Temple (1/1) D:7            Lair (5/6) D:8
  Swamp (4/4) Lair:2       Spider (4/4) Lair:3        Slime (5/5) Lair:5
    Orc (2/2) D:11            Elf (3/3) Orc:2        Vaults (5/5) D:13
  Crypt (3/3) Vaults:3       Tomb (0/3) Crypt:3      Depths (5/5) D:15
   Hell (visited)             Dis (7/7) Hell            Geh (7/7) Hell
    Coc (7/7) Hell            Tar (7/7) Hell            Zot (4/5) Depths:5
Ossuary (visited)           IceCv (visited)

Altars:
Ashenzari
Cheibriados
Dithmenos
Elyvilon
Fedhas
Gozag
Hepliaklqana
Kikubaaqudgha
Nemelex Xobeh
Okawaru
Qazlal
Ru
Sif Muna
Trog
Uskayaw
Vehumet
Wu Jian
Xom
Yredelemnul
Zin
Jiyva

Shops:
D:11 =   Orc:2 :*=:   Elf:3 (   Vaults:4 [   Vaults:5 =   Depths:1 }}=
Depths:4 *!(?(**[

Portals:
Hell: Depths:1 Depths:2 Depths:3 Depths:4 Depths:5
Abyss: Depths:4 Depths:5
Pandemonium: Depths:3 Depths:5
Ziggurat: Depths:5

Annotations:
Lair:2 3 runed translucent doors, Wotyac's ghost, journeyman PaFi
Elf:2 3 runed translucent doors, Fuov's ghost, adept DrBr
Pan Lom Lobon


Innate Abilities, Weirdness & Mutations

You cannot wear most types of armour.
You are very stealthy in the water. (Stealth+)
You are amphibious.
You can wear up to eight rings at the same time.
You can use your tentacles to constrict eight enemies at once.
Your skin blends seamlessly with your surroundings (Stealth++).
Your rubbery body absorbs attacks. (AC +1, EV +1)
You have a pair of small antennae on your head.
You are completely covered in iridescent scales. (AC +6)
You are dopey. (Int -2)
You are weak. (Str -2)


Message History

Lom Lobon completely resists.
You block Lom Lobon's attack.
The ball lightning explodes!
The blast of lightning engulfs you. You resist.
The blast of lightning engulfs Lom Lobon.
Lom Lobon completely resists.
Lom Lobon screams, "Quail, thou quaking base-court harpy!"
You chop Lom Lobon into pieces!!!
Lom Lobon is almost dead.
Lom Lobon gestures at you.
Lom Lobon conjures a mighty blast of ice!
The great icy blast engulfs you!!! You partially resist.
* * * LOW HITPOINT WARNING * * *
You are encased in ice.
You feel much better.
You are engulfed in freezing vapours.
You resist.
* * * LOW HITPOINT WARNING * * *
Lom Lobon gestures at you.
Lom Lobon conjures a mighty blast of ice!
The great icy blast engulfs you!!! You partially resist.
You die...
Your body crumbles into a pile of gold.

....≈≈≈≈≈##................≈##≈≈≈
......≈≈##......6..........≈≈##≈≈
......^≈#$......#######$[$°≈≈≈#≈≈
........#..2.####.....#.§#≈≈≈≈#≈≈
.......##..###.....$..$$°###≈≈#*≈
.......#..##§§§....$.$$$§○.##≈≈#≈
.2.6.....##☼☼§§§...$$...○.°.#*≈#≈
.......#.#.§§§§°°$$$$...§°...#*#≈
.......###.§§°§§@&.........$.#*≈≈
........##.☼○§○§°............#*≈≈
........≈#.§§○§§°............#≈≈≈
.......≈≈##○§§§...$...$.....##≈≈*
......≈≈≈≈##§§.$...........##≈≈≈*
.....≈≈≈≈≈≈###......(....###≈≈≈**
,≈≈≈≈≈≈≈≈≈≈≈≈###......####≈≈≈≈≈*
≈≈≈≈≈≈≈≈≈≈≈≈≈≈≈########≈≈≈≈≈≈≈**
***≈≈≈≈≈≈≈≈≈****≈≈≈≈≈≈≈≈≈≈≈≈***


You could see Lom Lobon (gusty).

Vanquished Creatures
  Cerebov (Pan)
  Asmodeus (Geh:7)
  the Royal Jelly (Slime:5)
  Antaeus (Coc:7)
  Ereshkigal (Tar:7)
  the Serpent of Hell (Coc:7)
  Dispater (Dis:7)
  6 pandemonium lords (Pan)
  An orb of fire (Zot:3)
  6 ancient liches
  2 Killer Klowns (Zot:4)
  19 shard shrikes
  Margery (Depths:4)
  4 caustic shrikes (Depths:5)
  Saint Roka (Depths:3)
  Geryon (Hell)
  A curse toe (Zot:4)
  13 golden dragons
  Nikola (Swamp:1)
  7 bone dragons
  25 Tzitzimimeh
  10 liches
  5 doom hounds
  Jory (Depths:4)
  32 Brimstone Fiends
  Arachne (Spider:4)
  30 Ice Fiends
  8 iron giants (Dis:7)
  Rupert (Vaults:1)
  2 hellephants (Abyss:2)
  11 Hell Sentinels
  16 tentacled monstrosities
  12 quicksilver dragons
  Asterion (Vaults:1)
  4 deep elf blademasters
  2 deep elf master archers (Elf:3)
  4 titans
  4 death cobs
  8 Executioners
  25 acid blobs
  6 ancient champions
  4 thorn hunters
  Frances (Swamp:1)
  A tentacled starspawn (Abyss:1)
  8 storm dragons
  A revenant (Crypt:3)
  4 sphinxes
  27 shadow dragons
  3 draconian monks
  7 tengu reavers
  12 azure jellies
  13 fire giants
  11 frost giants
  13 iron dragons
  11 ghost moths
  Louise (Swamp:1)
  An emperor scorpion (Spider:4)
  14 draconian knights
  9 cacodemons
  17 vault wardens
  9 deep elf sorcerers
  2 draconian scorchers
  5 curse skulls
  4 draconian shifters
  22 balrugs
  6 deep elf elementalists
  15 ironheart preservers
  A ghoul (Crypt:2)
  5 draconian stormcallers
  6 warmongers (Pan)
  2 spriggan defenders (Depths:5)
  3 draconian annihilators
  59 reapers
  8 elemental wellsprings
  40 very ugly things
  21 war gargoyles
  7 vampire knights
  20 stone giants
  8 black suns (Pan)
  6 corrupters (Pan)
  2 entropy weavers
  10 green draconians
  5 blood saints (Pan)
  8 lorocyprocas
  4 wizards
  7 deep elf demonologists
  9 red draconians
  10 white draconians
  18 purple draconians
  3 dire elephants (Depths:2)
  7 black draconians
  18 deep elf annihilators
  7 yellow draconians
  4 spark wasps
  2 merfolk javelineers (Depths:3)
  5 ettins
  22 blizzard demons
  6 eidola
  15 fire dragons
  8 green deaths (Pan)
  10 deep elf death magi
  12 death oozes
  7 deep elf high priests
  A mummy priest (Crypt:3)
  4 hell beasts
  9 quicksilver dragon zombies
  14 jiangshi
  Erolcha (D:9)
  21 hydras
  3 kraken zombies
  20 great orbs of eyes
  The ghost of Qeukk the Nimble, a journeyman TeVM of Sif Muna (D:12)
  4 rakshasas
  27 vault guards
  11 yaktaur captains
  29 ice dragons
  2 quicksilver dragon skeletons
  Harold (D:8)
  3 shambling mangroves
  10 centaur warriors
  4 spriggan air magi
  A ghost crab (Swamp:4)
  2 death knights
  59 two-headed ogres
  3 monstrous demonspawn
  2 anacondas (Depths:2)
  A merfolk avatar (Abyss:3)
  9 alligators
  3 death yaks
  12 deep troll earth magi
  11 deep troll shamans
  A satyr (shapeshifter) (Vaults:5)
  18 ogre magi
  8 vampire magi
  31 hell hogs
  3 orc high priests
  4 iron golems (Dis:7)
  9 tengu warriors
  10 titan zombies
  4 thrashing horrors
  23 deep elf knights
  10 spriggan berserkers
  41 sun demons
  2 wretched stars
  Sonja (D:13)
  38 soul eaters
  2 titan skeletons
  11 iron trolls
  22 shadow wraiths
  13 sixfirhies
  3 salamander mystics
  3 storm dragon zombies
  9 golden dragon zombies
  8 storm dragon skeletons
  48 hell knights
  3 spriggan druids
  153 skeletal warriors
  A spatial maelstrom (Abyss:2)
  A death drake (shapeshifter) (Depths:2)
  3 infernal demonspawn (Pan)
  5 torturous demonspawn
  4 ghost moth zombies
  41 deep trolls
  13 deep elf archers
  31 shadow demons
  15 phantasmal warriors
  4 glowing orange brains
  4 unseen horrors
  2 orange crystal statues (Abyss:4)
  6 swamp dragons (Swamp:4)
  7 shadow dragon zombies
  18 flayed ghosts
  13 orc knights
  8 anaconda zombies
  3 golden dragon skeletons
  12 ironbrand convokers
  6 gelid demonspawn (Pan)
  A tengu zombie (Vaults:3)
  4 harpies (Vaults:5)
  5 anaconda skeletons
  19 necromancers
  60 deep elf magi
  5 iron dragon zombies
  An orb spider (shapeshifter) (Vaults:5)
  4 frost giant zombies
  4 shadow dragon skeletons
  11 orb spiders
  2 oklob plants (Lair:3)
  6 wolf spider zombies
  9 fire giant zombies
  42 ugly things
  2 lindwurms (Depths:2)
  6 orc sorcerers
  5 shining eyes
  28 wolf spiders
  4 manticores
  12 cyclopes
  4 stone giant zombies
  A salamander (shapeshifter) (Elf:2)
  11 salamanders
  A shining eye (shapeshifter) (Vaults:5)
  A worldbinder (Abyss:3)
  5 frost giant skeletons
  4 iron dragon skeletons
  21 moths of wrath
  6 dire elephant zombies
  2 shock serpent zombies
  4 torpor snails
  38 rust devils
  An ice statue (IceCv)
  4 elephants (Lair:4)
  An apocalypse crab (Abyss:2)
  A guardian serpent (shapeshifter) (Vaults:1)
  9 orange demons
  A titan simulacrum (Coc:2)
  29 smoke demons
  3 black mambas
  9 fire giant skeletons
  4 stone giant skeletons
  An eye of devastation (Slime:3)
  16 vault sentinels
  A shock serpent skeleton (Coc:7)
  8 centaur skeletons
  11 molten gargoyles
  6 gargoyles
  A cane toad (shapeshifter) (Vaults:4)
  34 hellions
  An elephant slug zombie (Crypt:1)
  4 dire elephant skeletons
  4 cane toads
  A kobold demonologist (D:13)
  39 tormentors
  3 emperor scorpion zombies
  48 freezing wraiths
  2 komodo dragons
  A rime drake (shapeshifter) (Vaults:3)
  5 efreet
  An anaconda simulacrum (Coc:4)
  60 yaktaurs
  24 demonic crawlers
  2 rime drakes
  12 swamp worm zombies (Crypt:1)
  6 guardian mummies (Crypt:3)
  3 polar bears (Lair:2)
  2 ancient zymes
  11 hellwings (Pan)
  36 ice devils
  3 trolls
  3 meliai (Spider:4)
  A tengu conjurer (Depths:5)
  A silent spectre (Tar:7)
  4 harpy zombies
  43 red devils
  12 hydra zombies
  30 jumping spiders
  2 catoblepas skeletons (Geh:7)
  A blink frog (shapeshifter) (Depths:3)
  5 harpy skeletons
  32 hornets
  A shadow dragon simulacrum (Coc:4)
  A queen bee (shapeshifter) (Depths:2)
  A tengu simulacrum (Vaults:3)
  11 tyrant leeches
  7 bog bodies
  7 blink frogs
  A wolf spider simulacrum (IceCv)
  3 raiju
  A wind drake (shapeshifter) (Depths:3)
  14 alligator zombies
  49 slime creatures
  14 hydra skeletons
  7 hippogriffs
  A satyr zombie (Crypt:1)
  3 ice dragon skeletons
  6 ice dragon zombies
  2 alligator skeletons
  4 fire dragon zombies
  A fire giant simulacrum (Coc:7)
  A stone giant simulacrum (Coc:6)
  7 ettin zombies
  A meliai zombie (Crypt:2)
  3 fire dragon skeletons
  A black mamba zombie (Tar:7)
  20 large abominations
  A spriggan (shapeshifter) (Vaults:1)
  12 ynoxinuls
  128 flying skulls
  9 spriggans
  5 ettin skeletons
  A tarantella (shapeshifter) (Vaults:5)
  62 redbacks
  26 shadows
  3 starcursed masses (Abyss:4)
  19 tarantellas
  4 air elementals
  A wyvern (shapeshifter) (Depths:3)
  A wyvern (Lair:4)
  12 water elementals
  4 vampires
  34 wraiths
  7 golden eyes
  A yak (shapeshifter) (Vaults:1)
  2 fire bats (Geh:2)
  A human (shapeshifter) (Vaults:3)
  36 yaks
  3 black mamba skeletons
  13 neqoxecs
  23 fire elementals
  8 vampire mosquitoes
  14 chaos spawn (Pan)
  A merfolk zombie (Coc:5)
  16 insubstantial wisps
  9 wargs
  3 acid dragons
  19 swamp worms
  A swamp worm (shapeshifter) (Elf:3)
  6 cane toad zombies
  10 water moccasins
  3 hydra simulacra
  71 hell hounds
  3 floating eyes (D:12)
  A faun skeleton (Crypt:2)
  A gelid demonspawn skeleton (Crypt:3)
  12 porcupines
  11 swamp drakes
  A black bear (Lair:2)
  2 cane toad skeletons
  4 human zombies
  A manticore zombie (Crypt:3)
  16 ice beasts
  35 ogres
  6 eyes of draining
  2 swamp dragon zombies
  21 necrophages
  38 orc warriors
  7 phantoms
  4 snapping turtle zombies
  2 alligator simulacra
  An elf skeleton (Vaults:3)
  8 wolves
  10 boggarts
  20 centaurs
  2 manticore skeletons
  4 snapping turtle skeletons
  An octopode zombie (Crypt:2)
  2 small abominations
  2 swamp dragon skeletons
  9 crocodiles
  An elf zombie (Geh:1)
  A palentonga zombie (Crypt:2)
  7 big kobolds
  A komodo dragon zombie (Crypt:3)
  25 bullfrogs
  5 earth elementals
  A glowing shapeshifter simulacrum (Vaults:3)
  7 jellies
  A wyvern zombie (Crypt:3)
  A draconian skeleton (Crypt:1)
  2 wyvern skeletons
  3 scorpions
  A spriggan zombie (Dis:1)
  A water moccasin skeleton (D:9)
  2 troll zombies (D:11)
  A snapping turtle simulacrum (Coc:7)
  2 swamp dragon simulacra (IceCv)
  115 wights
  7 howler monkeys
  6 electric eels
  2 crimson imps
  3 centaur zombies
  3 bullfrog zombies
  3 draconian simulacra (IceCv)
  A human simulacrum (Vaults:3)
  A black bear zombie (Crypt:3)
  3 hounds
  41 iron imps
  32 orc wizards
  A gnoll shaman (Orc:1)
  A human skeleton (Crypt:3)
  11 orc priests
  Crazy Yiuf (D:5)
  4 bullfrog skeletons
  6 worker ants
  An iguana (D:4)
  4 hell rats (Hell)
  2 troll simulacra (IceCv)
  4 spriggan simulacra (IceCv)
  A wolf simulacrum (IceCv)
  5 centaur simulacra
  A big kobold zombie (Ossuary)
  4 bullfrog simulacra (D:12)
  4 ogre zombies (D:11)
  An acid dragon skeleton (Crypt:3)
  2 hound zombies
  12 mummies
  2 howler monkey zombies
  A worker ant zombie (D:6)
  7 adders
  19 gnolls
  3 howler monkey skeletons
  5 naga simulacra (IceCv)
  A steam dragon zombie (Crypt:3)
  4 ogre simulacra
  9 shadow imps
  33 white imps
  3 oozes
  3 worms
  3 dart slugs
  4 leopard geckos
  68 orcs
  8 bats
  5 giant cockroaches
  2 gnoll zombies (Ossuary)
  3 goblins
  4 hobgoblins
  12 jackals
  6 quokkas
  A ball python (D:2)
  A dart slug zombie (Crypt:3)
  8 frilled lizards
  4 goblin zombies (D:11)
  A hobgoblin skeleton (D:11)
  6 hobgoblin zombies
  A jackal zombie (Crypt:1)
  31 kobolds
  5 kobold zombies
  3 orc skeletons (D:11)
  8 orc zombies
  6 rats
  2 briar patches (Swamp:4)
  A butterfly (Lair:4)
  A starspawn tentacle (Abyss:3)
  6 tentacles
4293 creatures vanquished.

Vanquished Creatures (collateral kills)
  A lich (Pan)
  An Executioner (Pan)
  An azure jelly (Slime:5)
  A blood saint (Pan)
  A spriggan defender (Vaults:1)
  A lorocyproca (Pan)
  2 deep elf annihilators (Pan)
  A blizzard demon (Pan)
  A green death (Pan)
  2 rakshasas (Pan)
  A dancing weapon (Elf:2)
  A sixfirhy (Pan)
  An infernal demonspawn (Pan)
  A wizard (Pan)
  A glowing orange brain (Pan)
  2 shining eyes (Slime:5)
  2 smoke demons (Pan)
  2 yaktaurs (Depths:4)
  4 hellwings (Pan)
  A red devil (Pan)
  A slime creature (Slime:5)
  A ball lightning (Pan)
30 creatures vanquished.

Vanquished Creatures (others)
  A Brimstone Fiend (Pan)
  An Executioner (Pan)
  3 balrugs (Pan)
  A cacodemon (Pan)
  A blood saint (Pan)
  An elemental wellspring (Coc:5)
  A war gargoyle (Vaults:5)
  An emperor scorpion (Spider:4)
  A monstrous demonspawn (Pan)
  A black sun (Pan)
  A deep elf annihilator (Pan)
  5 blizzard demons (Pan)
  An ettin (Vaults:3)
  A deep troll earth mage (Depths:4)
  2 hell hogs
  26 dancing weapons
  A sun demon (Pan)
  A sixfirhy (Pan)
  A skeletal warrior (Coc:6)
  A cherub (Pan)
  A shadow dragon zombie (Geh:7)
  A necromancer (IceCv)
  3 deep elf magi
  A fire giant zombie (Geh:4)
  A manticore (Depths:2)
  A rust devil (Pan)
  5 smoke demons (Pan)
  2 orange demons (Pan)
  3 hellwings (Pan)
  A red devil (Pan)
  A jumping spider (Spider:4)
  6 flying skulls
  2 redbacks (Spider:4)
  3 ynoxinuls (Pan)
  A fire dragon skeleton (Geh:1)
  A fire bat (Geh:2)
  A neqoxec (Pan)
  A large abomination (Pan)
  2 hell hounds
  An orc warrior (Depths:3)
  2 ogres (Depths:1)
  A swamp dragon skeleton (Geh:7)
  A human skeleton (Geh:7)
  17 ball lightnings (Pan)
  An orc (Orc:2)
  A kobold (D:12)
  2 briar patches (Swamp:4)
  A bush (Depths:2)
  42 fungi
  46 plants
  2 starspawn tentacles (Abyss:3)
  11 tentacles
217 creatures vanquished.

Grand Total: 4540 creatures vanquished

Notes
Turn   | Place    | Note
-------+----------+-------------------------------------------
     0 | D:1      | tardigrada the Octopode Fighter began the quest for the
                  | Orb.
     0 | D:1      | Reached XP level 1. HP: 16/16 MP: 1/1
   316 | D:1      | Reached XP level 2. HP: 19/21 MP: 2/2
   903 | D:2      | Reached XP level 3. HP: 20/26 MP: 3/3
  1673 | D:2      | Reached XP level 4. HP: 23/31 MP: 4/4
  1955 | D:2      | Found a faded altar of an unknown god.
  2056 | D:2      | Reached skill level 5 in Long Blades
  2056 | D:2      | Reached XP level 5. HP: 22/36 MP: 5/5
  2527 | D:3      | Found an ornate altar of the Wu Jian Council.
  2943 | D:3      | Found a sparkling altar of Nemelex Xobeh.
  3223 | D:4      | Found a shimmering altar of Xom.
  3224 | D:4      | Found a shimmering altar of Xom.
  3225 | D:4      | Found a shimmering altar of Xom.
  3231 | D:4      | Found a shimmering altar of Xom.
  3256 | D:4      | Reached XP level 6. HP: 44/44 MP: 6/6
  3417 | D:4      | Reached skill level 5 in Fighting
  3762 | D:3      | Reached skill level 1 in Throwing
  3974 | D:4      | Reached XP level 7. HP: 51/51 MP: 7/7
  4297 | D:5      | Entered Level 5 of the Dungeon
  4586 | D:5      | Found a runed translucent door.
  4587 | D:5      | Noticed Crazy Yiuf
  4606 | D:5      | Killed Crazy Yiuf
  4945 | D:6      | Reached skill level 5 in Throwing
  4945 | D:6      | Reached XP level 8. HP: 57/57 MP: 8/8
  5020 | D:6      | Found a sand-covered staircase.
  5027 | Ossuary  | Entered an ossuary
  5642 | D:6      | Reached skill level 5 in Shields
  5872 | D:6      | Found a snail-covered altar of Cheibriados.
  5978 | D:7      | Reached XP level 9. HP: 64/67 MP: 9/9
  6377 | D:7      | Found a staircase to the Ecumenical Temple.
  6388 | Temple   | Entered the Ecumenical Temple
  6427 | Temple   | Became a worshipper of Gozag Ym Sagoz the Greedy
  7231 | D:8      | Reached XP level 10. HP: 72/72 MP: 10/10
  7333 | D:8      | Noticed a two-headed ogre
  7358 | D:8      | Killed a two-headed ogre
  7609 | D:8      | Found a staircase to the Lair.
  7621 | D:8      | Noticed Harold
  7662 | D:8      | Killed Harold
  7662 | D:8      | Reached skill level 10 in Long Blades
  7717 | D:8      | Identified a scroll of acquirement
  7718 | D:8      | Acquired a +1 vorpal double sword
  7837 | D:9      | Noticed Erolcha
  7848 | D:9      | Killed Erolcha
  8483 | D:9      | Reached XP level 11. HP: 44/78 MP: 11/11
  8828 | D:9      | Found a sacrificial altar of Ru.
  9134 | D:9      | Noticed a two-headed ogre
  9142 | D:9      | Killed a two-headed ogre
  9387 | D:10     | Entered Level 10 of the Dungeon
 10554 | D:11     | Noticed a death knight
 10804 | D:10     | Killed a death knight
 11122 | D:11     | Noticed a green ugly thing
 11133 | D:11     | Killed a green ugly thing
 11138 | D:11     | Found Xieb's Jewellery Shoppe.
 11149 | D:11     | Bought a +6 ring of dexterity for 585 gold pieces
 11149 | D:11     | Bought a +4 ring of evasion for 360 gold pieces
 11234 | D:11     | Found a staircase to the Orcish Mines.
 12103 | D:12     | Found a runed translucent gate.
 12104 | D:12     | Found a runed translucent gate.
 12105 | D:12     | Found a runed translucent gate.
 12111 | D:12     | Reached XP level 12. HP: 87/87 MP: 7/12
 12154 | D:12     | Learned a level 3 spell: Mephitic Cloud
 12157 | D:12     | Learned a level 2 spell: Blink
 12169 | D:12     | Noticed a two-headed ogre
 12182 | D:12     | Reached skill level 10 in Fighting
 12187 | D:12     | Killed a two-headed ogre
 12389 | D:12     | Paralysed by a floating eye for 2 turns
 12393 | D:12     | Paralysed by a floating eye for 4 turns
 12403 | D:12     | Reached skill level 1 in Poison Magic
 12422 | D:12     | Reached skill level 1 in Translocations
 12433 | D:12     | Reached skill level 1 in Spellcasting
 12433 | D:12     | Reached skill level 1 in Conjurations
 12433 | D:12     | Reached skill level 1 in Air Magic
 12920 | D:12     | Noticed Qeukk's ghost (journeyman TeVM)
 12979 | Orc:1    | Entered Level 1 of the Orcish Mines
 13361 | Orc:2    | Entered Level 2 of the Orcish Mines
 13463 | Orc:1    | Reached skill level 10 in Shields
 13653 | Orc:2    | Noticed an orc high priest
 13746 | Orc:2    | Noticed an orc high priest
 13979 | Orc:2    | Noticed a soul eater
 13979 | Orc:2    | Noticed a sun demon
 14259 | Orc:2    | Noticed a soul eater
 14260 | Orc:2    | Killed an orc high priest
 14454 | Orc:1    | Killed an orc high priest
 14454 | Orc:1    | Reached XP level 13. HP: 36/93 MP: 18/18
 15322 | Orc:2    | Found a staircase to the Elven Halls.
 15487 | Orc:2    | Found Nibref's Book Shoppe.
 15487 | Orc:2    | Found Itroasm's Jewellery Shop.
 15706 | Orc:2    | Found Zihueq's General Store.
 15706 | Orc:2    | Found Abig Ony's Book Shop.
 15729 | Orc:2    | Bought a potion of lignification for 42 gold pieces
 15729 | Orc:2    | Bought a scroll of blinking for 105 gold pieces
 15732 | Orc:2    | Bought an uncursed ring of see invisible for 240 gold
                  | pieces
 16180 | Orc:2    | Bought a book of the Earth for 1040 gold pieces
 16180 | Orc:2    | Bought a book of Alchemy for 1200 gold pieces
 16187 | Orc:2    | Learned a level 6 spell: Statue Form
 16193 | Orc:2    | Learned a level 5 spell: Alistair's Intoxication
 16290 | Lair:1   | Entered Level 1 of the Lair of Beasts
 16694 | Lair:1   | Found a basalt altar of Yredelemnul.
 17345 | Lair:2   | Found a runed translucent gate.
 17345 | Lair:2   | Found a runed translucent gate.
 17345 | Lair:2   | Found a runed translucent gate.
 17349 | Lair:2   | Noticed Wotyac's ghost (journeyman PaFi)
 17360 | Lair:2   | Found a frozen archway.
 17445 | IceCv    | Entered an ice cave
 18071 | IceCv    | Found an ancient bone altar of Kikubaaqudgha.
 19141 | Lair:2   | You fall into a shaft and drop 1 floor!
 19235 | Lair:3   | Found a hole to the Spider Nest.
 20226 | Lair:2   | Found a staircase to the Swamp.
 20784 | Lair:3   | Learned a level 1 spell: Apportation
 21242 | Lair:3   | Reached XP level 14. HP: 68/99 MP: 19/19
 22572 | Lair:4   | Reached skill level 15 in Shields
 22572 | Lair:4   | Reached skill level 1 in Transmutations
 23080 | Lair:4   | Reached skill level 1 in Earth Magic
 23093 | Lair:4   | Reached skill level 1 in Staves
 23421 | Lair:5   | Found a viscous altar of Jiyva.
 23422 | Lair:5   | Found a staircase to the Slime Pits.
 24057 | D:12     | Killed Qeukk's ghost
 24063 | D:12     | Reached skill level 2 in Earth Magic
 24132 | D:12     | Acquired the ring of Firoic {rF+ rC- rN+ AC+4}
 24134 | D:12     | Acquired a +0 hat of intelligence
 24254 | D:12     | Acquired a book of Air
 24499 | D:13     | Noticed Sonja
 24505 | D:13     | Killed Sonja
 24762 | D:14     | Reached skill level 3 in Earth Magic
 24827 | D:13     | Found a shattered altar of Ashenzari.
 25187 | D:13     | Reached skill level 5 in Spellcasting
 25283 | D:13     | Reached skill level 4 in Earth Magic
 25824 | D:13     | Found a gate to the Vaults.
 26106 | D:14     | Found a stormy altar of Qazlal.
 26129 | D:14     | Reached skill level 5 in Transmutations
 26129 | D:14     | Reached skill level 5 in Earth Magic
 26954 | D:14     | Found an opulent altar of Gozag.
 27251 | D:15     | Entered Level 15 of the Dungeon
 27452 | D:15     | Reached skill level 6 in Earth Magic
 27481 | D:15     | Reached XP level 15. HP: 105/105 MP: 22/22
 27884 | D:15     | Found a staircase to the Depths.
 28178 | D:14     | Reached skill level 7 in Earth Magic
 28688 | D:15     | Got a slimy tower shield
 28689 | D:15     | Identified the +7 tower shield of Purpose {Rampage Str+2
                  | Int+4 Dex+3} (You found it on level 15 of the Dungeon)
 29239 | Spider:1 | Entered Level 1 of the Spider Nest
 30900 | D:11     | Bought an uncursed ring of resist corrosion for 200 gold
                  | pieces
 31395 | Spider:2 | Reached skill level 10 in Transmutations
 33034 | Spider:3 | Learned a level 6 spell: Eringya's Noxious Bog
 33239 | Spider:3 | Reached XP level 16. HP: 105/111 MP: 27/27
 33577 | Spider:4 | Entered Level 4 of the Spider Nest
 33588 | Spider:4 | Reached skill level 5 in Poison Magic
 34147 | Spider:4 | Noticed Arachne
 34440 | Spider:4 | Killed Arachne
 35231 | Spider:4 | Reached skill level 15 in Long Blades
 35531 | Spider:4 | Got a gossamer rune of Zot
 36020 | Elf:1    | Entered Level 1 of the Elven Halls
 36056 | Elf:1    | Found a radiant altar of Vehumet.
 36269 | Elf:1    | Reached XP level 17. HP: 116/116 MP: 21/28
 36558 | Elf:1    | You fall into a shaft and drop 1 floor!
 36564 | Elf:2    | Cast into level 3 of the Abyss (a deep elf sorcerer)
 36757 | Abyss:3  | Gained mutation: You are clumsy. (Dex -2) [a neqoxec]
 36790 | Abyss:3  | Found a corrupted altar of Lugonu.
 36802 | Abyss:3  | Noticed a tentacled starspawn
 36815 | Abyss:3  | Paralysed by accursed screaming for 1 turns
 36830 | Elf:2    | Escaped the Abyss
 37119 | Elf:2    | Noticed a deep elf blademaster
 37147 | Elf:2    | Found a huge runed translucent gate.
 37147 | Elf:2    | Found a huge runed translucent gate.
 37147 | Elf:2    | Found a huge runed translucent gate.
 37148 | Elf:2    | Found a huge runed translucent gate.
 37149 | Elf:2    | Found a huge runed translucent gate.
 37181 | Elf:2    | Killed a deep elf blademaster
 37727 | Elf:2    | Found a runed translucent gate.
 37728 | Elf:2    | Found a runed translucent gate.
 38054 | Elf:2    | Identified the +1 trident "Xelufumm" {protect, rF+ rN+
                  | Dex+3}
 38224 | Elf:2    | Found a runed translucent gate.
 38228 | Elf:2    | Noticed Fuov's ghost (adept DrBr)
 38416 | Elf:2    | Reached XP level 18. HP: 86/132 MP: 22/29
 38996 | Elf:2    | Upgraded the game from 0.26-a0-598-g61e6210cf4 to
                  | 0.26-a0-599-gc8f6553d2c
 39005 | Elf:3    | Entered Level 3 of the Elven Halls
 39006 | Elf:3    | Lost mutation: You are clumsy. (Dex -2) [potion of
                  | mutation]
 39006 | Elf:3    | Gained mutation: Your spells are a little harder to cast,
                  | but a little more powerful. [potion of mutation]
 39006 | Elf:3    | Gained mutation: You tend to lose your temper in combat.
                  | [potion of mutation]
 39006 | Elf:3    | Gained mutation: You expend magic power (3 MP) to
                  | strengthen your wands. [potion of mutation]
 39006 | Elf:3    | Gained mutation: You are resistant to hostile enchantments.
                  | (MR+) [potion of mutation]
 39045 | Elf:3    | Learned a level 2 spell: Swiftness
 39128 | Elf:3    | Found Zept's Antique Weapon Shop.
 39191 | Elf:3    | Noticed a deep elf blademaster
 39204 | Elf:3    | Killed a deep elf blademaster
 39446 | Elf:3    | Noticed a Brimstone Fiend
 39450 | Elf:3    | Reached skill level 15 in Fighting
 39474 | Elf:3    | Noticed a Brimstone Fiend
 40024 | Elf:3    | Noticed a deep elf blademaster
 40024 | Elf:3    | Identified the cursed +0 longbow of Imminent Death {flame,
                  | *Drain +Fly Str+4}
 40024 | Elf:3    | Noticed a deep elf master archer
 40026 | Elf:3    | HP: 3/134 [deep elf annihilator/crystal spear (80)]
 40390 | Elf:3    | Killed a deep elf master archer
 40415 | Elf:3    | Noticed a Tzitzimitl
 40533 | Elf:3    | Killed a deep elf blademaster
 40551 | Elf:3    | Noticed a deep elf blademaster
 40559 | Elf:3    | Killed a deep elf blademaster
 40564 | Elf:3    | Cast into level 2 of the Abyss (a deep elf demonologist)
 40565 | Abyss:2  | Noticed a hellephant
 40565 | Abyss:2  | Noticed a hellephant
 40570 | Abyss:2  | Reached skill level 10 in Dodging
 40584 | Abyss:2  | Killed a hellephant
 40601 | Abyss:2  | Killed a hellephant
 40622 | Elf:3    | Escaped the Abyss
 40967 | Elf:3    | Noticed a deep elf master archer
 40973 | Elf:3    | Killed a deep elf master archer
 40973 | Elf:3    | Reached XP level 19. HP: 141/141 MP: 30/30
 41091 | Elf:3    | Found the amulet of the Air {Inacc +Fly rElec EV+5 RMsl}
 41376 | Elf:3    | Learned a level 5 spell: Summon Mana Viper
 41627 | Swamp:1  | Entered Level 1 of the Swamp
 41631 | Swamp:1  | Noticed Louise
 41650 | Swamp:1  | Killed Louise
 41650 | Swamp:1  | Reached skill level 1 in Hexes
 41650 | Swamp:1  | Reached skill level 1 in Summonings
 41845 | Swamp:1  | Noticed Nikola
 41855 | Swamp:1  | Killed Nikola
 42024 | Swamp:1  | Noticed Frances
 42042 | Swamp:1  | Killed Frances
 43588 | Swamp:3  | Reached skill level 5 in Summonings
 43597 | Swamp:3  | Reached skill level 5 in Hexes
 44762 | Swamp:4  | Entered Level 4 of the Swamp
 45173 | Swamp:4  | Got a decaying rune of Zot
 46040 | Swamp:1  | Got a smoking long sword
 46041 | Swamp:1  | Identified the cursed +1 long sword of Yeast {vamp, Str+2
                  | Dex+3} (You found it on level 1 of the Swamp)
 46242 | Vaults:1 | Entered Level 1 of the Vaults
 46300 | Vaults:1 | Noticed a Tzitzimitl
 46301 | Vaults:1 | Reached XP level 20. HP: 147/147 MP: 29/31
 47082 | Vaults:1 | Noticed Asterion
 47100 | Vaults:1 | Killed Asterion
 47106 | Vaults:1 | Noticed Rupert
 47114 | Vaults:1 | Killed Rupert
 47827 | Vaults:1 | Identified the +7 trident of the Maze {drain, MR+ Int+7}
 47941 | Vaults:1 | Learned a level 6 spell: Invisibility
 48304 | Vaults:2 | Reached skill level 10 in Spellcasting
 48418 | Vaults:2 | Learned a level 5 spell: Borgnjor's Vile Clutch
 48488 | Vaults:2 | Reached skill level 1 in Necromancy
 49261 | Vaults:3 | Reached skill level 5 in Necromancy
 49359 | Vaults:3 | Found a flickering gateway to a bazaar.
 49368 | Bazaar   | Entered a bazaar
 49449 | Bazaar   | Found Geneq's Armour Shoppe.
 49459 | Bazaar   | Found Qoyc's Distillery.
 49462 | Bazaar   | Found Hytucw's General Store.
 49467 | Bazaar   | Bought a potion of lignification for 21 gold pieces
 49467 | Bazaar   | Bought a potion of cancellation for 56 gold pieces
 49467 | Bazaar   | Bought a potion of might for 28 gold pieces
 49467 | Bazaar   | Bought a potion of heal wounds for 35 gold pieces
 49467 | Bazaar   | Bought a potion of curing for 21 gold pieces
 49467 | Bazaar   | Bought a potion of cancellation for 56 gold pieces
 49472 | Bazaar   | Bought a scroll of blinking for 67 gold pieces
 49472 | Bazaar   | Bought 3 potions of cancellation for 216 gold pieces
 49472 | Bazaar   | Bought a scroll of enchant weapon for 67 gold pieces
 49472 | Bazaar   | Bought a potion of heal wounds for 45 gold pieces
 49474 | Bazaar   | Found Xituirua's Distillery.
 49482 | Bazaar   | Bought a potion of haste for 120 gold pieces
 49482 | Bazaar   | Bought a potion of heal wounds for 60 gold pieces
 49482 | Bazaar   | Bought a potion of heal wounds for 60 gold pieces
 49482 | Bazaar   | Bought a potion of heal wounds for 60 gold pieces
 49832 | Vaults:3 | Reached XP level 21. HP: 153/153 MP: 29/35
 50848 | Vaults:3 | Identified the +10 morningstar of Superiority {freeze,
                  | Str+3 Int+2 Dex+4}
 50880 | Vaults:3 | Found a staircase to the Crypt.
 52021 | Vaults:4 | Found Neginugo's Armour Emporium.
 52933 | Vaults:4 | Got a steaming scimitar
 52934 | Vaults:4 | Identified the +7 scimitar of Immorality {flame, +Rage}
                  | (You found it on level 4 of the Vaults)
 52986 | Vaults:4 | Reached XP level 22. HP: 160/160 MP: 26/36
 53377 | Depths:1 | Entered Level 1 of the Depths
 53391 | Depths:1 | Paralysed by a great orb of eyes for 5 turns
 54559 | Depths:1 | Found a bloodstained altar of Trog.
 54600 | Depths:1 | Got a crude brass ring
 54641 | Depths:1 | Identified the ring "Zoroyco" {Wiz *Slow rC+ Dex+3 Slay+3}
                  | (You found it on level 1 of the Depths)
 54721 | Depths:1 | Identified the +1 robe "Cissacsi" {Dex+3 SInv}
 54947 | Depths:1 | Found a gateway to Hell.
 55011 | Depths:1 | Found Regydd's Jewellery Shop.
 55011 | Depths:1 | Found Ahuriv's Gadget Shoppe.
 55193 | Depths:1 | Found Teyrol's Gadget Shoppe.
 55200 | Depths:1 | Bought a +4 ring of slaying for 936 gold pieces
 55970 | Depths:2 | Reached XP level 23. HP: 165/165 MP: 37/37
 56555 | Depths:3 | Noticed Saint Roka
 57139 | Depths:3 | Killed Saint Roka
 57571 | Depths:3 | Found a one-way gate leading to the halls of Pandemonium.
 58848 | Depths:3 | Noticed a golden dragon
 58855 | Depths:3 | Killed a golden dragon
 59272 | Depths:4 | Noticed Jory
 59283 | Depths:4 | Killed Jory
 59326 | Depths:4 | Found a flickering gateway to a bazaar.
 59338 | Bazaar   | Entered a bazaar
 59338 | Bazaar   | Found Binala's Antique Weapon Shoppe.
 59338 | Bazaar   | Found Jeylliso's General Store.
 59687 | Bazaar   | Bought a potion of berserk rage for 65 gold pieces
 59785 | Depths:4 | Found a one-way gate to the infinite horrors of the Abyss.
 59796 | Depths:4 | Noticed a golden dragon
 59808 | Depths:3 | Killed a golden dragon
 59856 | Depths:4 | Noticed Margery
 59873 | Depths:4 | Killed Margery
 60208 | Depths:4 | Identified the cursed +0 great sword "Louprel" {flame, rF+}
 60214 | Depths:4 | Reached XP level 24. HP: 171/171 MP: 37/37
 61262 | Depths:4 | Bought a potion of lignification for 102 gold pieces
 61262 | Depths:4 | Bought a potion of haste for 340 gold pieces
 61265 | Depths:4 | Bought a potion of mutation for 104 gold pieces
 61265 | Depths:4 | Bought a potion of lignification for 39 gold pieces
 61265 | Depths:4 | Bought a potion of haste for 130 gold pieces
 61265 | Depths:4 | Bought 2 potions of curing for 78 gold pieces
 61265 | Depths:4 | Bought a potion of heal wounds for 65 gold pieces
 61265 | Depths:4 | Bought a potion of magic for 104 gold pieces
 61265 | Depths:4 | Bought a potion of might for 52 gold pieces
 61268 | Depths:4 | Bought a scroll of fog for 40 gold pieces
 61268 | Depths:4 | Bought a scroll of acquirement for 1040 gold pieces
 61268 | Depths:4 | Bought a scroll of holy word for 150 gold pieces
 61268 | Depths:4 | Bought a scroll of brand weapon for 400 gold pieces
 61268 | Depths:4 | Bought 2 scrolls of identify for 80 gold pieces
 61270 | Depths:4 | Acquired 1060 gold pieces
 61279 | Depths:4 | Bought a conspicuous book for 450 gold pieces
 61296 | Depths:5 | Entered Level 5 of the Depths
 62699 | Depths:5 | Noticed a caustic shrike
 62700 | Depths:5 | Noticed a caustic shrike
 62702 | Depths:5 | Noticed a caustic shrike
 62702 | Depths:5 | Noticed a caustic shrike
 62707 | Depths:5 | Killed a caustic shrike
 62709 | Depths:5 | Killed a caustic shrike
 62713 | Depths:5 | Killed a caustic shrike
 62715 | Depths:5 | Killed a caustic shrike
 63429 | Depths:5 | Reached XP level 25. HP: 142/181 MP: 37/37
 63631 | Depths:5 | Found a gate to the Realm of Zot.
 63798 | Depths:5 | Found a gateway to a ziggurat.
 64187 | Depths:1 | Bought the ring of Xom's Favour {Wiz *Slow rElec rC+++ rN+}
                  | for 931 gold pieces
 64187 | Depths:1 | Bought the ring "Jimueluo" {rF- rC++ rCorr Dex+3} for 525
                  | gold pieces
 64424 | Slime:1  | Entered Level 1 of the Pits of Slime
 64635 | Slime:2  | Gained mutation: You occasionally shout uncontrollably at
                  | your foes. [a shining eye]
 64927 | Slime:3  | Lost mutation: You tend to lose your temper in combat. [a
                  | shining eye]
 65430 | Slime:5  | Entered Level 5 of the Pits of Slime
 65734 | Slime:5  | Found a viscous altar of Jiyva.
 65735 | Slime:5  | Noticed the Royal Jelly
 65780 | Slime:5  | Killed the Royal Jelly
 65880 | Slime:5  | Identified the Incunabulum of Igneous Cold
 65900 | Slime:5  | Got a slimy rune of Zot
 65984 | Slime:4  | Gained mutation: Your magical capacity is low. (-10% MP) [a
                  | shining eye]
 66012 | Slime:3  | Gained mutation: You sometimes yell uncontrollably at your
                  | foes. [a shining eye]
 66474 | Depths:1 | Bought the ring "Tofi" {rF+ SInv} for 348 gold pieces
 66727 | Crypt:1  | Entered Level 1 of the Crypt
 66818 | Crypt:1  | Reached skill level 8 in Earth Magic
 67035 | Crypt:1  | Reached skill level 9 in Earth Magic
 67275 | Crypt:1  | Reached XP level 26. HP: 187/196 MP: 33/33
 67832 | Crypt:2  | Reached skill level 10 in Earth Magic
 68712 | Crypt:3  | Entered Level 3 of the Crypt
 68723 | Crypt:3  | Found a basalt altar of Yredelemnul.
 68735 | Crypt:3  | Reached skill level 11 in Earth Magic
 69069 | Crypt:3  | Reached skill level 12 in Earth Magic
 69676 | Crypt:3  | Reached skill level 13 in Earth Magic
 69842 | Crypt:3  | Noticed an ancient lich
 69842 | Crypt:3  | Noticed an ancient lich
 69842 | Crypt:3  | Noticed an ancient lich
 69925 | Crypt:3  | Learned a level 9 spell: Shatter
 70106 | Crypt:3  | Killed an ancient lich
 70175 | Crypt:3  | Killed an ancient lich
 70179 | Crypt:3  | Killed an ancient lich
 70179 | Crypt:3  | Reached skill level 14 in Earth Magic
 70186 | Crypt:3  | Identified the Grimoire of the Curious Tables
 70201 | Crypt:3  | Got a shimmering ivory ring
 70202 | Crypt:3  | Identified the ring "Joxivax" {Wiz +Blink MP-9 Int+4 Dex+6}
                  | (You found it on level 3 of the Crypt)
 70219 | Crypt:3  | Acquired 400 gold pieces
 70226 | Crypt:3  | Got a jewelled scimitar
 70227 | Crypt:3  | Identified the cursed +3 scimitar "Foecvops" {vamp, rC-
                  | Str+6} (You found it on level 3 of the Crypt)
 70336 | Crypt:3  | Found a staircase to the Tomb.
 70778 | D:11     | Bought an uncursed amulet of regeneration for 300 gold
                  | pieces
 70982 | Vaults:5 | Entered Level 5 of the Vaults
 71161 | Vaults:4 | Reached skill level 15 in Earth Magic
 71253 | Vaults:5 | Reached skill level 16 in Earth Magic
 71259 | Vaults:5 | Reached XP level 27. HP: 201/201 MP: 24/33
 71478 | Vaults:5 | Identified the Tome of Air and Fire
 71557 | Vaults:5 | Reached skill level 17 in Earth Magic
 71631 | Vaults:5 | Reached skill level 18 in Earth Magic
 71898 | Vaults:5 | Found Baononur's Jewellery Boutique.
 72486 | Vaults:5 | Reached skill level 19 in Earth Magic
 72651 | Vaults:5 | Got a silver rune of Zot
 72942 | Vaults:5 | Identified the ring "Capsud" {MR+ Dex+3 Stlth-}
 73440 | Hell     | Entered the Vestibule of Hell
 73440 | Hell     | Noticed Geryon
 73484 | Hell     | Killed Geryon
 73642 | Hell     | Reached skill level 20 in Earth Magic
 73874 | Hell     | Found a gateway to the freezing wastes of Cocytus.
 74120 | Hell     | Found a gateway to the decaying netherworld of Tartarus.
 74218 | Hell     | Found a gateway to the ashen valley of Gehenna.
 74336 | Hell     | Found a gateway to the Iron City of Dis.
 74400 | Coc:1    | Entered Level 1 of Cocytus
 74782 | Coc:3    | Reached skill level 21 in Earth Magic
 75478 | Coc:5    | Reached skill level 22 in Earth Magic
 76044 | Coc:6    | Reached skill level 23 in Earth Magic
 76689 | Coc:7    | Entered Level 7 of Cocytus
 76697 | Coc:7    | Noticed the Serpent of Hell
 76732 | Coc:7    | Killed the Serpent of Hell
 77749 | Coc:7    | Noticed Antaeus
 77771 | Coc:7    | Killed Antaeus
 77949 | Coc:7    | Got an icy rune of Zot
 78159 | Coc:7    | Identified the Compendium of the Glacier
 78223 | Coc:7    | Identified the Volume of Fire and Malediction
 78227 | Coc:7    | Got a bloodstained long sword
 78228 | Coc:7    | Identified the +10 long sword of the Firefly {venom, *Drain
                  | rPois Dex+4} (You found it on level 7 of Cocytus)
 78733 | Tar:1    | Entered Level 1 of Tartarus
 78892 | Tar:3    | Reached skill level 15 in Spellcasting
 79382 | Tar:7    | Entered Level 7 of Tartarus
 80041 | Tar:7    | Noticed an ancient lich
 80049 | Tar:7    | Killed an ancient lich
 80182 | Tar:7    | Identified the Handbook of Torrid Stones
 80269 | Tar:7    | Noticed Ereshkigal
 80284 | Tar:7    | Killed Ereshkigal
 80398 | Tar:7    | Identified the +6 scimitar of Delicate Valiance {vorpal,
                  | Str+5 Int+4}
 80398 | Tar:7    | Identified the amulet of Curiosity {RegenMP rC+ rN+ Slay+2}
 80630 | Tar:7    | Noticed an ancient lich
 80635 | Tar:7    | Killed an ancient lich
 80654 | Tar:7    | Noticed an ancient lich
 80659 | Tar:7    | Killed an ancient lich
 80707 | Tar:7    | Got a bound tin ring
 80912 | Tar:7    | Got a bone rune of Zot
 81960 | Tar:7    | Identified The Intricacies of Spellcasting
 82184 | Hell     | Identified the ring "Tarij" {+Fly rC+ Dex-5 SInv} (You
                  | found it on level 7 of Tartarus)
 82208 | Geh:1    | Entered Level 1 of Gehenna
 82253 | Geh:1    | Reached skill level 15 in Dodging
 84324 | Geh:7    | Entered Level 7 of Gehenna
 85480 | Geh:7    | Identified the +7 sceptre of Asmodeus
 85480 | Geh:7    | Noticed Asmodeus
 85491 | Geh:7    | Killed Asmodeus
 85513 | Geh:7    | Identified the +11 hunting sling "Duaxku" {speed, rC- Str+3
                  | Int+3}
 85580 | Geh:7    | Got an obsidian rune of Zot
 85909 | Dis:1    | Entered Level 1 of the Iron City of Dis
 87263 | Dis:3    | You fall into a shaft and drop 2 floors!
 87345 | Dis:7    | Entered Level 7 of the Iron City of Dis
 88078 | Dis:7    | Found the +3 robe of Clouds {+Thunder rCloud rElec}
 88989 | Dis:7    | Identified the +5 quarterstaff of Watchfulness {vorpal,
                  | rPois rF+ Str+2 Int+6}
 89762 | Dis:7    | Got a warped copper ring
 89763 | Dis:7    | Identified the ring of Lady Luck {Fire *Slow rN+ MR+ Str+4}
                  | (You found it on level 7 of the Iron City of Dis)
 89843 | Dis:7    | Identified the +4 staff of Dispater
 89843 | Dis:7    | Noticed Dispater
 89863 | Dis:7    | Killed Dispater
 89983 | Dis:7    | Identified the Disquisition on Earthen Displacement
 89989 | Dis:7    | Got an iron rune of Zot
 90836 | Depths:4 | Voluntarily entered the Abyss.
 91148 | Abyss:4  | Gained mutation: You tend to lose your temper in combat. [a
                  | neqoxec]
 91159 | Abyss:4  | Found a corrupted altar of Lugonu.
 91160 | Abyss:4  | Got an abyssal rune of Zot
 91196 | Abyss:4  | Noticed an ancient lich
 91198 | Depths:4 | Escaped the Abyss
 91278 | Depths:4 | Lost mutation: Your magical capacity is low. (-10% MP)
                  | [potion of mutation]
 91278 | Depths:4 | Lost mutation: You are resistant to hostile enchantments.
                  | (MR+) [potion of mutation]
 91278 | Depths:4 | Lost mutation: You expend magic power (3 MP) to strengthen
                  | your wands. [potion of mutation]
 91278 | Depths:4 | Lost mutation: You sometimes yell uncontrollably at your
                  | foes. [potion of mutation]
 91278 | Depths:4 | Gained mutation: Your body sometimes deteriorates upon
                  | taking damage. [potion of mutation]
 91278 | Depths:4 | Lost mutation: You tend to lose your temper in combat.
                  | [potion of mutation]
 91278 | Depths:4 | Lost mutation: You occasionally shout uncontrollably at
                  | your foes. [potion of mutation]
 91278 | Depths:4 | Gained mutation: Your system is resistant to poisons.
                  | (rPois) [potion of mutation]
 91374 | Zot:1    | Entered Level 1 of the Realm of Zot
 91467 | Zot:1    | Learned a level 8 spell: Discord
 91588 | Zot:1    | Reached skill level 10 in Hexes
 93296 | Zot:3    | You fall into a shaft and drop 1 floor!
 93711 | Zot:4    | Reached skill level 15 in Hexes
 93712 | Zot:4    | Identified the ring of Pealyxtobo {rElec MP+9 Int+6 SInv
                  | Stlth-}
 94192 | Zot:4    | Identified the Almanac of Feathers
 94240 | Zot:4    | Acquired the ring of Viramy {rElec rC+ Int+4 SInv}
 95018 | Zot:3    | Noticed an orb of fire
 95027 | Zot:3    | Gained mutation: You are weak. (Str -2) [an orb of fire]
 95028 | Zot:3    | Killed an orb of fire
 96462 | Pan      | Entered Pandemonium
 96618 | Pan      | Reached skill level 24 in Earth Magic
 97230 | Pan      | Found an exit through the horrors of the Abyss.
 97416 | Pan      | Noticed Koggutoh the pandemonium lord
 97428 | Pan      | Killed Koggutoh the pandemonium lord
 97692 | Pan      | Reached skill level 25 in Earth Magic
 98297 | Pan      | Gained mutation: You tend to lose your temper in combat. [a
                  | neqoxec]
 98298 | Pan      | Gained mutation: You occasionally shout uncontrollably at
                  | your foes. [a neqoxec]
 98300 | Pan      | Lost mutation: Your body sometimes deteriorates upon taking
                  | damage. [potion of mutation]
 98300 | Pan      | Lost mutation: Your spells are a little harder to cast, but
                  | a little more powerful. [potion of mutation]
 98300 | Pan      | Lost mutation: You tend to lose your temper in combat.
                  | [potion of mutation]
 98300 | Pan      | Lost mutation: Your system is resistant to poisons. (rPois)
                  | [potion of mutation]
 98300 | Pan      | Gained mutation: You are dopey. (Int -2) [potion of
                  | mutation]
 98300 | Pan      | Lost mutation: You occasionally shout uncontrollably at
                  | your foes. [potion of mutation]
 98300 | Pan      | Gained mutation: Scrolls take you a little longer to read.
                  | [potion of mutation]
 98300 | Pan      | Gained mutation: Your spells are a little harder to cast,
                  | but a little more powerful. [potion of mutation]
 98301 | Pan      | Lost mutation: You are weak. (Str -2) [potion of mutation]
 98301 | Pan      | Lost mutation: You are dopey. (Int -2) [potion of mutation]
 98301 | Pan      | Lost mutation: Scrolls take you a little longer to read.
                  | [potion of mutation]
 98301 | Pan      | Lost mutation: Your spells are a little harder to cast, but
                  | a little more powerful. [potion of mutation]
 98301 | Pan      | Gained mutation: You have a pair of small antennae on your
                  | head. [potion of mutation]
 98301 | Pan      | Gained mutation: You are partially covered in iridescent
                  | scales. (AC +2) [potion of mutation]
 98484 | Pan      | Found a huge runed translucent gate.
 98485 | Pan      | Found a huge runed translucent gate.
 98486 | Pan      | Found a huge runed translucent gate.
 98486 | Pan      | Found a huge runed translucent gate.
 98486 | Pan      | Found a huge runed translucent gate.
 98486 | Pan      | Found a huge runed translucent gate.
 98486 | Pan      | Found a huge runed translucent gate.
 98489 | Pan      | Noticed Uggefama the pandemonium lord
 98496 | Pan      | Killed Uggefama the pandemonium lord
 98496 | Pan      | Reached skill level 26 in Earth Magic
 99222 | Pan      | Gained mutation: You are dopey. (Int -2) [a cacodemon]
 99223 | Pan      | Gained mutation: You are frail. (-10% HP) [a cacodemon]
 99240 | Pan      | Found an exit through the horrors of the Abyss.
 99267 | Pan      | Noticed Sokhogoh the pandemonium lord
 99275 | Pan      | Killed Sokhogoh the pandemonium lord
 99301 | Pan      | Identified the ring of Dishonesty {MR+ Str+3 Int+2 Stlth+}
 99325 | Pan      | Gained mutation: Scrolls take you a little longer to read.
                  | [a cacodemon]
 99429 | Pan      | Gained mutation: You do not regenerate when monsters are
                  | visible. [a cacodemon]
 99779 | Pan      | Gained mutation: You are weak. (Str -2) [a cacodemon]
 99780 | Pan      | Gained mutation: You tend to lose your temper in combat. [a
                  | cacodemon]
100035 | Pan      | Reached skill level 27 in Earth Magic
100161 | Pan      | Noticed Koleix Vapp the pandemonium lord
100169 | Pan      | Killed Koleix Vapp the pandemonium lord
100370 | Pan      | Lost mutation: You are weak. (Str -2) [potion of mutation]
100370 | Pan      | Lost mutation: You are frail. (-10% HP) [potion of
                  | mutation]
100370 | Pan      | Gained mutation: You expend magic power (3 MP) to
                  | strengthen your wands. [potion of mutation]
100370 | Pan      | Gained mutation: You are mostly covered in iridescent
                  | scales. (AC +4) [potion of mutation]
100370 | Pan      | Gained mutation: You are completely covered in iridescent
                  | scales. (AC +6) [potion of mutation]
100371 | Pan      | Lost mutation: You tend to lose your temper in combat.
                  | [potion of mutation]
100371 | Pan      | Lost mutation: You expend magic power (3 MP) to strengthen
                  | your wands. [potion of mutation]
100371 | Pan      | Lost mutation: Scrolls take you a little longer to read.
                  | [potion of mutation]
100371 | Pan      | Lost mutation: You do not regenerate when monsters are
                  | visible. [potion of mutation]
100371 | Pan      | Gained mutation: You are weak. (Str -2) [potion of
                  | mutation]
100371 | Pan      | Gained mutation: Your skin blends seamlessly with your
                  | surroundings (Stealth++). [potion of mutation]
100404 | Pan      | Noticed Xyklaa the pandemonium lord
100412 | Pan      | Killed Xyklaa the pandemonium lord
100430 | Pan      | Found a runed translucent door.
100452 | Pan      | Got a demonic rune of Zot
100457 | Pan      | Found a runed translucent door.
100645 | Pan      | Found a runed translucent door.
101006 | Pan      | Entered the realm of Cerebov.
101346 | Pan      | Identified the +6 sword of Cerebov {flame}
101346 | Pan      | Noticed Cerebov
101364 | Pan      | Identified the Almanac of Flamy Envenoming
101367 | Pan      | Got a heavily runed tin amulet
101368 | Pan      | Identified the amulet "Idibo" {rC+ Regen+} (You found it in
                  | Pandemonium)
101715 | Pan      | Got a fine glass ring
101716 | Pan      | Identified the ring "Quamenid" {rCorr Dex+4} (You found it
                  | in Pandemonium)
101718 | Pan      | Identified Ucemuch's Tome of Beguiling and Necromancy
101762 | Pan      | Killed Cerebov
101783 | Pan      | Got a heavily runed turquoise ring
101784 | Pan      | Identified the ring "Amaoloro" {MR+ rCorr Int+2} (You found
                  | it in Pandemonium)
102174 | Pan      | Got a fiery rune of Zot
102348 | Pan      | Got a crystal long sword
102349 | Pan      | Identified the +5 long sword "Hautum" {vorpal, rN+ MR-
                  | Str+2} (You found it in Pandemonium)
102621 | Pan      | Noticed Sutzycont the pandemonium lord
102638 | Pan      | Killed Sutzycont the pandemonium lord
102654 | Pan      | Found an exit through the horrors of the Abyss.
102677 | Pan      | Entered the realm of Lom Lobon.
102677 | Pan      | Found an exit through the horrors of the Abyss.
103088 | Pan      | Noticed Lom Lobon
103121 | Pan      | Killed from afar by Lom Lobon

Illustrated notes

Levels and vault maps discovered:
D:1:      lightli_arrival_maybe_door_vault, layout_rooms, serial_corexii_hall,
          chequers_hall_statues_y, corexii_hall_statues_x
D:2:      layout_rooms, chequers_ecumenical_altar_twisty
D:3:      layout_basic, nicolae_overflow_crystal_walls,
          nemelex_dance_club_becter
D:4:      layout_gridville, xom_redecorated
D:5:      layout_rooms, uniq_crazy_yiuf_cottage
D:6:      layout_rooms, chequers_ossuary_entry_cave, roderic_serpentine_path,
          chei_slow_surprise
D:7:      layout_loops_ring, minmay_temple_entry_glass
D:8:      layout_rooms, lair_entry_dummy, uniq_harold
D:9:      layout_gridville, nicolae_ru_great_annihilating_truth, uniq_erolcha
D:10:     layout_long_grid
D:11:     layout_irregular_city, zombieorc1_lemuel, serial_shops, shop_statue
D:12:     layout_cave_pools, gammafunk_ghost_icy, onia_ninara_cookie
D:13:     layout_irregular_city, hangedman_vaults_entry_quadrant_bands,
          ashenzari_altar_1, uniq_sonja
D:14:     layout_irregular_city, lemuel_doored_altar, minmay_misc_feat_enclosed,
          nicolae_qazlal_general_emergency
D:15:     grunt_enter_depths_hoard, layout_gridville,
          hangedman_abyss_or_decor_lesser_grid
Temple:   compressed_dpeg_circular_temple
Lair:1:   layout_cave_pods, basic_altar
Lair:2:   layout_regular_city, nicolae_swamp_entry_splash_gauntlet,
          ebering_ghost_rock_garden, portal_ice_cave_entry_imps, minivault_26,
          forest_entry_grove, lemuel_fruit_fields
Lair:3:   layout_hall_layers, spider_nest_entry_a, pond, serial_bayou_shore_a,
          minmay_lair_oklob_chamber, grunt_megastairs_5
Lair:4:   layout_hall_layers, lemuel_fruit_fields
Lair:5:   layout_gridlike, slime_altar_1, infiniplex_staircase_pool,
          grunt_megastairs_2
Swamp:1:  layout_basic_swamp, evilmike_swamp_ruin_rubble_1, uniq_nikola,
          uniq_louise, uniq_frances
Swamp:2:  layout_falls_marsh, evilmike_swamp_ruin_house_5, swamp_pool1
Swamp:3:  layout_basic_swamp, evilmike_swamp_ruin_house_6, swamp_pool3
Swamp:4:  swamp_alternative, layout_basic_swamp, swamp_pool2
Spider:1: layout_chambers
Spider:2: layout_spider_delve, spiders_nest_hornet_nest
Spider:3: layout_spider_delve
Spider:4: johnstein_spider_rune_arachne_lair
Slime:1:  layout_caves, cheibrodos_slime_lost_civilization_6
Slime:2:  layout_caves, special_room [special_room_jelly]
Slime:3:  layout_caves
Slime:4:  layout_caves
Slime:5
Orc:1:    layout_caves
Orc:2:    grunt_orc_tribal_feast, layout_caves
Elf:1:    eino_elf_arrival_altar, layout_geoelf_diagonals, orc_legates,
          fake_guardian_serpent_vault, grunt_megastairs_3
Elf:2:    layout_geoelf_octagon, gammafunk_ghost_tricky_traps
Elf:3:    minmay_elf_hall_quartered_circle, layout_loops_cross, serial_shops,
          shop, guppyfry_elf_garden, uniq_asterion
Vaults:1: v_misc_2, v_alt_pattern_6, ontoclasm_vaults_tryst, vaults_room_pool,
          grunt_vaults_funnel, v_misc_27, v_misc_4, vaults_room_corners,
          ontoclasm_vaults_twist, v_misc_13, v_misc_19, sword_in_stone,
          ontoclasm_vaults_gateway, layout_vaults_omnibox
Vaults:2: vaults_dpeg_cross, nicolae_vaults_ring_of_whatevers,
          grunt_vaults_swirl, ontoclasm_vaults_misaligned,
          ontoclasm_vaults_shuriken, ontoclasm_vaults_ligature,
          nicolae_vaults_diagonal_hallway_8, grunt_vaults_hallway_short,
          layout_vaults_omnigrid
Vaults:3: minmay_crypt_entry_vampire_xt, nicolae_vaults_network_quincunx
          [nicolae_vaults_network_quincunx_subvault,
          nicolae_vaults_network_quincunx_subvault,
          nicolae_vaults_network_quincunx_subvault,
          nicolae_vaults_network_quincunx_subvault,
          nicolae_vaults_network_quincunx_subvault], hangedman_vaults_cutoff,
          vaults_mumra_chevron, v_rooms_6, vaults_dpeg_doors, vaults_dpeg_hooks,
          hangedman_vaults_trim, nicolae_vaults_ring_of_whatevers,
          vaults_room_door_ring, hangedman_vaults_restitches, vaults_dpeg_ring,
          nicolae_vaults_mini_display_case, vaults_room_hallway,
          layout_vaults_omnicross, serial_shops, bzr_entry_lakeside
Vaults:4: vaults_dpeg_encased_lava, ontoclasm_vaults_bender, v_misc_33,
          nicolae_vaults_bisected_slash, hangedman_vaults_slice,
          nicolae_vaults_circle_grid_b, nicolae_vaults_ring_of_whatevers,
          nicolae_vaults_network_s, hangedman_vaults_stream, v_misc_27,
          vaults_room_pools, nicolae_vaults_network_star, layout_vaults_maze,
          serial_shops, shop_statue
Vaults:5
Crypt:1:  layout_chaotic_city, lemuel_dead_fish_pool, grunt_crypt_arrival_webbed
Crypt:2:  layout_chaotic_city
Crypt:3:  david_glass_crypt, layout_chaotic_city, tomb_entry_shell_bobbens,
          basic_altar
Depths:1: layout_cave_pools, minmay_stone_trees_small, grunt_hell_horde,
          kennysheep_cross_bottleneck, minmay_statues_item,
          evilmike_spriggan_trog_shrine, minmay_shop_grove
Depths:2: hangedman_hanging_gardens, layout_cave_pools, hell_entry,
          chequers_serial_rivers_room_a, dk_noncrumbling_4
Depths:3: minmay_the_grid_triangle_9x9_recursive_2
          [minmay_the_grid_triangle_9x9_prize_top_heavy,
          minmay_the_grid_triangle_9x9_intruding_spiral,
          minmay_the_grid_triangle_9x9_windchime,
          minmay_the_grid_triangle_9x9_zippers_horizontal], layout_basic,
          rand_demon_pan_entry_3, chequers_big_river, grunt_hell_entry_dis_mu,
          infiniplex_staircase_pillars_2, uniq_saint_roka
Depths:4: lemuel_castle_with_subvaults [lemuel_castle_interior_carwin_2],
          layout_cave_pools, serial_glass, glass_columns_b, glass_columns_b,
          glass_columns_c, glass_columns_c, hell_entry, abyss_entry_crystal,
          serial_shops, freezing_bzr, firewood_loft, uniq_jory, uniq_margery
Depths:5: grunt_zot_entry_hairpin, layout_basic, ziggurat_fallback, abyss_entry,
          minivault_11, rand_demon_pan_entry_9, pf_hell_entry_tar_spiral,
          columned_hall_lemuel
Hell
Dis:1:    layout_jigsaw
Dis:2:    layout_jigsaw
Dis:3:    lemuel_dis_dragons, layout_regular_city, hangedman_player_shredder,
          grunt_megastairs_1
Dis:5:    layout_subdivisions
Dis:6:    layout_subdivisions, grunt_dis_stairs_iron_hall
Dis:7:    dis_grunt_layers
Geh:1:    layout_gehenna_pools_basic
Geh:2:    layout_gehenna_pools_triple
Geh:3:    layout_gehenna_lava_caves, grunt_megastairs_4
Geh:4:    layout_gehenna_pools_box
Geh:5:    layout_gehenna_lava_caves
Geh:6:    layout_gehenna_pools_triple, hangedman_elemental_corridor
Geh:7:    geh_mu
Coc:1:    layout_cocytus_water_paths
Coc:2:    layout_ice_bergs
Coc:3:    layout_ice_bergs
Coc:4:    layout_cocytus_water_paths
Coc:5:    layout_cocytus_water_paths
Coc:6:    layout_ice_bergs
Coc:7:    coc_dpeg
Tar:1:    layout_honeycomb
Tar:2:    layout_catacombs
Tar:3:    layout_grid_maze
Tar:4:    layout_catacombs, nicolae_tar_cuneiform_oil
Tar:5:    layout_catacombs
Tar:6:    layout_catacombs
Tar:7:    tar_grunt_cathedral
Zot:1:    layout_cellular_growth
Zot:2:    layout_basic
Zot:3:    layout_cathedral_of_symmetry
Zot:4:    cheibrodos_zot_enchanting_chambers, layout_cathedral_of_symmetry,
          st_stairs_7
Pan:      grunt_pan_in_and_out, layout_grid_shapes, pan_blood_fountain_small,
          nicolae_pan_giant_door, layout_chambers, grunt_pan_zigzag,
          layout_grid_shapes, pan_blood_fountain, nicolae_pan_gloorx_vloqian_1,
          grunt_pan_zigzag, layout_small_grid, nicolae_pan_mnolegish_5,
          regret_index_pan_draining_boxed, layout_irregular_city, rand_demon_7,
          layout_long_grid, pan_blood_fountain_small, pan_surprise,
          evilmike_mini_pan_corner, layout_rooms, cerebov,
          layout_cellular_growth, evilmike_mini_pan_3x3, layout_gridville,
          pan_blood_fountain_small, grunt_pan_frozen_over, layout_rooms,
          nicolae_pan_lom_lobonic_2, lom_lobon, layout_rooms

Skill      XL: |  1  2  3  4  5  6  7  8  9 10 11 12 13 14 15 16 17 18 19 20 21 22 23 24 25 26 27 |
---------------+----------------------------------------------------------------------------------+-----
Long Blades    | 3 4 5 8 9 10 12 15 16 23 | 23.7
Fighting       | 4 5 8 9 10 14 16 17 20 24 | 24.8
Throwing       | 2 5 |  5.2
Shields        | 8 9 11 14 15 18 21 23 25 | 25.0
Dodging        | 6 8 11 13 14 19 | 19.4
Poison Magic   | 2 3 6 |  6.5
Translocations | 2 |  2.0
Spellcasting   | 3 5 7 10 21 | 21.3
Conjurations   | 2 |  2.0
Air Magic      | 2 |  2.0
Transmutations | 6 10 | 10.2
Earth Magic    | 6 7 9 16 27 | 27.0
Staves         | 1 |  1.1
Hexes          | 6 7 18 | 18.6
Summonings     | 7 |  7.0
Necromancy     | 5 |  5.4

Action                   |  1- 3 |  4- 6 |  7- 9 | 10-12 | 13-15 | 16-18 | 19-21 | 22-24 | 25-27 || total
-------------------------+-------+-------+-------+-------+-------+-------+-------+-------+-------++-------
Melee: Long sword        |    77 |   109 |   177 |    34 |       |       |       |       |       ||   397
       Constrict         |    20 |    32 |    50 |   109 |   189 |   174 |   147 |   120 |   892 ||  1733
       Tentacles         |    16 |    20 |    42 |   160 |   374 |   246 |   342 |   368 |  2326 ||  3894
       Double sword      |       |       |       |   556 |  1198 |   788 |  1195 |  1039 |  5748 || 10524
Throw: Dart              |       |     9 |    13 |     6 |       |       |       |       |       ||    28
       Javelin           |       |     4 |    16 |       |       |       |     4 |     3 |       ||    27
       Boomerang         |       |       |     4 |    27 |    61 |       |     3 |     5 |       ||   100
 Cast: Apportation       |       |       |       |       |     4 |       |       |       |       ||     4
       Statue Form       |       |       |       |       |       |    36 |    56 |    39 |   198 ||   329
       Eringya's Noxious |       |       |       |       |       |     3 |       |       |       ||     3
       Alistair's Intoxi |       |       |       |       |       |     1 |       |       |       ||     1
       Blink             |       |       |       |       |       |     1 |       |       |       ||     1
       Summon Mana Viper |       |       |       |       |       |       |     4 |     3 |     2 ||     9
       Borgnjor's Vile C |       |       |       |       |       |       |     9 |     2 |       ||    11
       Invisibility      |       |       |       |       |       |       |       |     5 |     7 ||    12
       Swiftness         |       |       |       |       |       |       |       |     2 |       ||     2
       Shatter           |       |       |       |       |       |       |       |       |    43 ||    43
       Discord           |       |       |       |       |       |       |       |       |     2 ||     2
Invok: Potion Petition   |       |       |       |       |       |     3 |       |       |       ||     3
       Call Merchant     |       |       |       |       |       |       |       |     7 |     1 ||     8
       Bribe Branch      |       |       |       |       |       |       |       |       |     1 ||     1
 Abil: End Transformatio |       |       |       |       |       |     2 |       |       |     1 ||     3
Evoke: Wand              |       |       |       |     5 |     8 |     1 |       |       |     2 ||    16
  Use: Scroll            |       |       |    13 |    14 |    22 |    17 |    10 |     4 |    27 ||   107
       Potion            |       |       |     1 |     3 |     2 |    15 |       |       |    28 ||    49
 Stab: Sleeping          |     4 |     4 |     4 |     8 |    20 |     2 |    13 |     2 |    27 ||    84
       Distracted        |       |       |       |     5 |    15 |     5 |    12 |    13 |    93 ||   143
       Invisible         |       |       |       |       |     1 |     5 |       |    11 |    40 ||    57
       Confused          |       |       |       |       |       |       |     1 |       |       ||     1
       Petrified         |       |       |       |       |       |       |       |       |     1 ||     1
Armor: Skin              |    10 |     4 |     3 |     2 |    26 |   193 |   219 |   215 |   911 ||  1583
Dodge: Dodged            |    32 |    28 |    52 |   210 |   668 |   749 |   926 |   631 |  2659 ||  5955
Block: Kite shield       |    39 |    78 |   133 |   513 |  1217 |   955 |  1381 |  1324 |    44 ||  5684
       Reflection        |       |     4 |     9 |    30 |    74 |    58 |    78 |   130 |    54 ||   437
       Tower shield      |       |       |       |       |       |       |       |       |  7178 ||  7178
       Rpst.: Long sword |    10 |     7 |    14 |     3 |       |       |       |       |       ||    34
       Double sword      |       |       |       |    46 |   120 |   124 |   143 |   101 |   370 ||   904

Table legend: (Time is in decaauts)
 A = Elapsed time spent in this place.
 B = Non-inter-level travel time spent in this place.
 C = Inter-level travel time spent in this place.
 D = Time resting spent in this place.
 E = Time spent auto-exploring this place.
 F = Levels seen in this place.
 G = Mean time per level.
                   A        B        C        D        E       F      G
               +--------+--------+--------+--------+--------+-----+--------+
         Total | 109803 | 104269 |   5534 |  17182 |  60325 | 105 | 1045.7 |
       Dungeon |  19778 |  17847 |   1931 |   3651 |  10843 |  15 | 1318.5 |
        Temple |     70 |     39 |     31 |      0 |     33 |   1 |   70.0 |
          Lair |   6736 |   6057 |    679 |    948 |   4241 |   5 | 1347.2 |
         Swamp |   5001 |   4835 |    166 |    553 |   3335 |   4 | 1250.2 |
   Spider Nest |   6562 |   6409 |    153 |   1023 |   4140 |   4 | 1640.5 |
    Slime Pits |   1935 |   1821 |    114 |    868 |    287 |   5 |  387.0 |
  Orcish Mines |   3233 |   3161 |     72 |   1409 |   1238 |   2 | 1616.5 |
   Elven Halls |   5517 |   5252 |    265 |   1060 |   2763 |   3 | 1839.0 |
        Vaults |  10427 |   9458 |    969 |    893 |   6235 |   5 | 2085.4 |
         Crypt |   4192 |   4031 |    161 |    733 |   2413 |   3 | 1397.3 |
        Depths |  11237 |  10598 |    639 |   2160 |   6126 |   5 | 2247.4 |
          Hell |   1180 |   1163 |     17 |      2 |    699 |   1 | 1180.0 |
           Dis |   5447 |   5381 |     66 |    320 |   3289 |   6 |  907.8 |
       Gehenna |   4165 |   4090 |     75 |    385 |   1435 |   7 |  595.0 |
       Cocytus |   4859 |   4832 |     27 |    599 |   2022 |   7 |  694.1 |
      Tartarus |   3951 |   3939 |     12 |     52 |   2507 |   7 |  564.4 |
           Zot |   5283 |   5132 |    151 |    355 |   3920 |   4 | 1320.8 |
         Abyss |    792 |    792 |      0 |      0 |    312 |   6 |  132.0 |
   Pandemonium |   7227 |   7227 |      0 |   1237 |   3902 |  11 |  657.0 |
        Bazaar |    491 |    491 |      0 |    326 |    125 |   2 |  245.5 |
       Ossuary |    284 |    284 |      0 |      0 |    149 |   1 |  284.0 |
      Ice Cave |   1426 |   1426 |      0 |    604 |    305 |   1 | 1426.0 |
               +--------+--------+--------+--------+--------+-----+--------+

Top non-repeatable levels by time:
   Dis:7: 3802 daAuts
   Tar:7: 3257 daAuts
Depths:5: 3171 daAuts
   Elf:2: 3062 daAuts
Vaults:3: 2855 daAuts
Depths:3: 2378 daAuts
    D:15: 2358 daAuts
   Coc:7: 2250 daAuts
Spider:4: 2241 daAuts
Vaults:1: 2221 daAuts
   Orc:1: 2183 daAuts
Vaults:5: 2177 daAuts
Depths:4: 1987 daAuts
    D:14: 1984 daAuts
Depths:2: 1928 daAuts
